[Event "Late-Titled-Tuesday-Blitz-October-17-2023"]
[Site "Chess.com"]
[Date "2023.10.17"]
[Round "6"]
[White "luizzy"]
[Black "Nekoo04"]
[Result "1-0"]
[WhiteElo "2572"]
[BlackElo "2270"]
[TimeControl "180+1"]
[EndTime "15:06:47 PDT"]
[Termination "luizzy won on time"]

1. b3 e5 2. Bb2 d6 3. e3 Nf6 4. d4 Nbd7 5. Nf3 e4 6. Nfd2 d5 7. c4 c6 8. Be2 Bd6 9. Ba3 Bxa3 10. Nxa3 Qe7 11. Qc1 a6 12. Nc2 O-O 13. a3 Ne8 14. b4 f5 15. Nb3 Nd6 16. cxd5 cxd5 17. g3 Nf6 18. Qd2 Bd7 19. a4 Rac8 20. Nc5 b6 21.
Nxa6 Nc4 22. Qc3 Ng4 23. Qb3 f4 24. exf4 e3 25. f3 Nf2 26. Rg1 Nh3 27. Rg2 Nxf4 28. gxf4 Qh4+ 29. Kd1 Bh3 30. Rg3 Rxf4 31. Nxe3 Be6 32.
Nxc4 dxc4 33. Qe3 Rxd4+ 34. Kc2 Bf5+ 35. Kb2 c3+ 36. Ka3 Rcd8 37. Rag1 R4d7 38. Bb5 Rf7 39. Bc4 1-0

[Event "Late-Titled-Tuesday-Blitz-October-17-2023"]
[Site "Chess.com"]
[Date "2023.10.17"]
[Round "6"]
[White "FuenfgegenWilly"]
[Black "DawidCzerw"]
[Result "1-0"]
[WhiteElo "2389"]
[BlackElo "2533"]
[TimeControl "180+1"]
[EndTime "15:06:47 PDT"]
[Termination "FuenfgegenWilly won on time"]

1. Nf3 c5 2. c4 Nc6 3. g3 g6 4. Bg2 Bg7 5. Nc3 Nh6 6. b3 Nf5 7. Bb2 h5 8. h4 d6 9. O-O Bd7 10.
e3 a6 11. Qc2 e5 12. Nd5 f6 13.
d4 g5 14. hxg5 fxg5 15. dxc5 g4 16. Nh4 Nxh4 17. gxh4 O-O 18. cxd6 Qxh4 19. Rad1 Bf5 20. Be4 g3 21. fxg3 Qxe4 22. Qxe4 Bxe4 23. Nc7 Rxf1+ 24.
Rxf1 Rf8 25. Rd1 Rf3 26. d7 Nd8 27. Ba3 Bf6 28. Ne8 Bg5 29. Bc5 Rxg3+ 30. Kf1 h4 31.
Nd6 Bg6 32. Kf2 Rg4 33. Bb6 h3 34.
Bxd8 Bxd8 35. Nxb7 Bh4+ 36. Kf3 Bh5 37. d8=Q+ Bxd8 38. Rxd8+ Kh7 39. Kf2 h2 40. Rd1 e4 41.
Rh1 Rh4 42. Kg3 Bf3 43. Rxh2 Rxh2 44. Kxh2 Kg6 45. Kg3 Kf5 46. Nc5 1-0

[Event "Late-Titled-Tuesday-Blitz-October-17-2023"]
[Site "Chess.com"]
[Date "2023.10.17"]
[Round "6"]
[White "acertijo08"]
[Black "scandalgod"]
[Result "0-1"]
[WhiteElo "2340"]
[BlackElo "2497"]
[TimeControl "180+1"]
[EndTime "15:06:50 PDT"]
[Termination "scandalgod won on time"]

1. e4 e5 2. Nf3 Nc6 3. Bb5 a6 4. Ba4 d6 5. O-O Bg4 6. c3 Qf6 7. d3 Ne7 8. Nbd2 h5 9. Re1 g5 10. Nf1 Bh6 11. Ne3 Bxf3 12. Qxf3 Qxf3 13. gxf3 Kd7 14.
Nd5 b5 15. Nxe7 Nxe7 16. Bb3 Raf8 17. a4 f5 18. axb5 axb5 19. d4 exd4 20. cxd4 Nc6 21. Rd1 f4 22. Bd5 Ne7 23. Bb3 Ra8 24. Bd2 Rxa1 25.
Rxa1 Bg7 26. Bc3 Rb8 27. Rd1 Nc6 28. e5 b4 29. Be1 Nd8 30. h4 gxh4 31. Bd2 Ne6 32.
Bxe6+ Ke7 33. Bd5 dxe5 34. dxe5 Bxe5 35. Re1 Kf6 36. b3 Rd8 37. Bxb4 Rxd5 38. Re4 Rd3 39. Be7+ Kf5 40. Bxh4 Rxf3 41. Rb4 Rc3 42. Be7 f3 43. Rc4 Rxb3 44. Rc1 Rd3 45. Bc5 h4 46. Be3 h3 47.
Kh1 Rxe3 48. fxe3 Ke4 49. Re1 f2 50. Rf1 Kf3 0-1

[Event "Late-Titled-Tuesday-Blitz-October-17-2023"]
[Site "Chess.com"]
[Date "2023.10.17"]
[Round "6"]
[White "Qvalda"]
[Black "whiteglovethief"]
[Result "1/2-1/2"]
[WhiteElo "2401"]
[BlackElo "2614"]
[TimeControl "180+1"]
[EndTime "15:06:51 PDT"]
[Termination "Game drawn - insufficient material"]

1. Nf3 d6 2. d4 f5 3. g3 Nf6 4.
Bg2 g6 5. b3 Bg7 6. Bb2 O-O 7.
O-O c6 8. Nbd2 Na6 9. Re1 h6 10. e4 Be6 11. exf5 Bxf5 12. Nh4 d5 13. Nxf5 gxf5 14.
Nf3 Ne4 15. Ne5 Nc7 16. f3 Nd6 17. Qd3 e6 18. Re2 Rf6 19. Rae1 Nf7 20. Bc1 Nxe5 21. Rxe5 Rg6 22. R5e2 Kh7 23. Kh1 Qd7 24. Bf4 Re8 25. a4 b6 26. b4 c5 27. bxc5 bxc5 28. dxc5 d4 29. c3 Nd5 30. cxd4 Qxa4 31. Be5 f4 32. Bxg7 Kxg7 33. Bh3 Qc6 34. Qe4 fxg3 35. hxg3 Nb4 36. Qxc6 Nxc6 37. d5 Nd4 38. Rxe6 Nxe6 39. dxe6 Rxg3 40.
Kh2 Rxf3 41. Rd1 Kf6 42. c6 Rf2+ 43. Kg3 Rc2 44. Rf1+ Ke5 45. Rf7 Rc3+ 46. Kh4 a5 47. Rf5+ Kxe6 48. Rxa5+ Kd6 49. Bd7 Re4+ 50. Kh5 Re5+ 51.
Rxe5 Kxe5 52. Kxh6 Kf6 53. Kh5 Rxc6 54. Bxc6 1/2-1/2

[Event "Late-Titled-Tuesday-Blitz-October-17-2023"]
[Site "Chess.com"]
[Date "2023.10.17"]
[Round "6"]
[White "zajka-molotok"]
[Black "gmcorrales"]
[Result "0-1"]
[WhiteElo "2557"]
[BlackElo "2841"]
[TimeControl "180+1"]
[EndTime "15:06:53 PDT"]
[Termination "gmcorrales won on time"]

1. e4 c5 2. Nf3 d6 3. Bb5+ Nd7 4. a4 Nf6 5. Nc3 a6 6. Be2 g6 7. O-O Bg7 8. d3 O-O 9. a5 b5 10. axb6 Bb7 11. Bf4 Nxb6 12. h3 e5 13.
Bg5 h6 14. Bxf6 Bxf6 15. Nd2 h5 16. Nc4 Nxc4 17. dxc4 Rb8 18. Qd3 Bc8 19. b3 Bg5 20. Rfd1 Rb6 21. Bf1 Kg7 22. g3 h4 23. Nd5 Rc6 24.
f4 Bh6 25. f5 gxf5 26. exf5 Qg5 27. g4 Kh8 28. Bg2 Bd7 29. Nc3 Rb6 30. Ne4 Qe3+ 31. Kh1 Bc6 32. Qxe3 Bxe3 33. Rxd6 Rfb8 34. Rad1 Bd4 35.
Kh2 Kg7 36. Ng5 Be8 37. Rxb6 Rxb6 38. Ne4 a5 39. c3 Be3 40. Rd3 Bf4+ 41. Kg1 Rxb3 42.
Nxc5 Rb1+ 43. Kf2 Bg3+ 44. Ke2 Rb2+ 45. Kf1 a4 46. Rd1 a3 47. Ra1 a2 48. Be4 Kf6 49. Bd3 Bc6 50. Ne4+ Bxe4 51. Bxe4 Bf2 52. c5 Bxc5 53. Ke1 Kg5 54. Kd1 Kf4 55. Kc1 Ba3 56. Bd5 Rb1+ 57. Kc2 Rxa1 0-1

[Event "Late-Titled-Tuesday-Blitz-October-17-2023"]
[Site "Chess.com"]
[Date "2023.10.17"]
[Round "6"]
[White "Chessdreamer2020"]
[Black "Chessbard1972"]
[Result "1-0"]
[WhiteElo "2493"]
[BlackElo "2337"]
[TimeControl "180+1"]
[EndTime "15:06:57 PDT"]
[Termination "Chessdreamer2020 won on time"]

1. e4 c5 2. Nf3 a6 3. g3 Nc6 4.
Bg2 e6 5. O-O d5 6. exd5 exd5 7.
d4 Nf6 8. Re1+ Be7 9. dxc5 O-O 10. Be3 Ng4 11. Bd4 Nxd4 12. Nxd4 Bxc5 13. c3 Qf6 14. Qd2 Be6 15. Na3 Rad8 16. Nac2 Ne5 17. Ne3 Bxd4 18. Qxd4 Nf3+ 19. Bxf3 Qxf3 20. Qd1 Qf6 21. Nc2 Qg6 22.
Nd4 Bg4 23. Qd2 Rfe8 24. Kg2 Qh5 25. Qf4 Bh3+ 26. Kg1 h6 27. Re3 Rxe3 28. Qxe3 Qg5 29. Re1 Qxe3 30. Rxe3 Kf8 31. f3 h5 32. Kf2 Re8 33.
Rxe8+ Kxe8 34. Ke3 g5 35. Nc2 Kd7 36. Kd4 Kd6 37.
Ne3 Be6 38. f4 f6 39. a4 b6 40. h4 gxh4 41. gxh4 a5 42. b3 Kc6 43. f5 Bf7 44.
Ng2 Kd6 45. Nf4 Kc6 46. b4 Kd6 47. b5 Be8 48. Nxd5 Bf7 49. Nxb6 Bb3 50. Nc4+ Kc7 51. b6+ Kd7 52. Nxa5 Bxa4 53. c4 Bc2 54. c5 Bxf5 55. c6+ Kd6 56. b7 Kc7 57. Kc5 Be4 58. Nc4 1-0

[Event "Late-Titled-Tuesday-Blitz-October-17-2023"]
[Site "Chess.com"]
[Date "2023.10.17"]
[Round "6"]
[White "ritanovikova"]
[Black "SanchezKelvin"]
[Result "1-0"]
[WhiteElo "2118"]
[BlackElo "2554"]
[TimeControl "180+1"]
[EndTime "15:06:57 PDT"]
[Termination "ritanovikova won by checkmate"]

1. d4 Nf6 2. Bf4 b6 3. Nd2 Bb7 4. c3 e6 5. Qc2 Nh5 6. Bg3 f5 7.
e3 Be7 8. Be2 Nf6 9. Ngf3 O-O 10. O-O-O a5 11. Bc4 a4 12. Rhe1 a3 13. b3 Ne4 14.
Bd3 d5 15. Ne5 Nd7 16. f3 Nxg3 17. hxg3 c5 18. g4 g6 19. gxf5 exf5 20. g4 fxg4 21. Bxg6 Nf6 22. Rh1 Ne4 23. Bxh7+ Kg7 24. fxe4 cxd4 25.
exd5 Qd6 26. exd4 Bg5 27. Be4 Rf2 28. Rh7+ Kg8 29. Kb1 Raf8 30. Rdh1 R8f4 31. Rh8+ Kg7 32. R8h7+ Kg8 33. Rxb7 Rxd2 34. Bh7+ Kf8 35. Ng6+ Ke8 36. Re1+ Kd8 37. Qxd2 Rf5 38. Qe2 Rf8 39. Qe7+ Kc8 40. Qxd6 Be7 41. Qc6+ Kd8 42. Qd7# 1-0

[Event "Late-Titled-Tuesday-Blitz-October-17-2023"]
[Site "Chess.com"]
[Date "2023.10.17"]
[Round "6"]
[White "micke12a"]
[Black "Semetey"]
[Result "1/2-1/2"]
[WhiteElo "2373"]
[BlackElo "2534"]
[TimeControl "180+1"]
[EndTime "15:06:58 PDT"]
[Termination "Game drawn by repetition"]

1. d4 a6 2. c4 c6 3. Nc3 d5 4. cxd5 cxd5 5. Bf4 Nc6 6. e3 Nf6 7. Nf3 e6 8. Rc1 Bd6 9. Bxd6 Qxd6 10. Bd3 O-O 11.
O-O b5 12. b3 Bb7 13. Ne2 Rfc8 14. Bb1 g6 15. Nf4 b4 16. Nd3 Nd7 17. Nc5 Nxc5 18. Rxc5 Na7 19. Rxc8+ Rxc8 20. Qd2 Nb5 21. Ne5 Nc3 22. Nd3 a5 23. Nc5 Ba6 24. Nxa6 Qxa6 25. Bd3 Qa7 26. Rc1 Rc7 27. a4 Qb7 28. Rc2 Qc8 29.
h3 h5 30. g3 h4 31. g4 Kg7 32. Kg2 f5 33. gxf5 gxf5 34. f3 Kf6 35. e4 Qg8+ 36.
Kh1 Rg7 37. Qh6+ Kf7 38. Qh5+ Kf8 39. Qxh4 fxe4 40. fxe4 dxe4 41. Rf2+ Ke8 42. Qh5+ Ke7 43. Qc5+ Kd7 44. Bb5+ Nxb5 45. Qxb5+ Kd6 46. Qb6+ Kd7 47. Qa7+ Kd6 48. Qc5+ Kd7 49. Qa7+ Kd6 50. Qc5+ Kd7 51. Qa7+ 1/2-1/2

[Event "Late-Titled-Tuesday-Blitz-October-17-2023"]
[Site "Chess.com"]
[Date "2023.10.17"]
[Round "6"]
[White "cassoulet"]
[Black "Beca95"]
[Result "0-1"]
[WhiteElo "2795"]
[BlackElo "2927"]
[TimeControl "180+1"]
[EndTime "15:06:59 PDT"]
[Termination "Beca95 won by resignation"]

1. d4 Nf6 2. Bg5 e6 3. e4 h6 4. Bxf6 Qxf6 5. Nc3 d6 6. Nf3 Nd7 7. Bc4 a6 8. Qe2 b5 9. e5 Qe7 10. exd6 cxd6 11. Bb3 Bb7 12. O-O-O Nf6 13. d5 e5 14. Rhe1 O-O-O 15. a4 b4 16. Na2 a5 17. Kb1 Kb8 18. c3 bxc3 19. Nxc3 g6 20. Nb5 Ba6 21.
Nfd4 exd4 22. Qxe7 Bxe7 23. Rxe7 Bxb5 24. axb5 Rd7 25.
Re2 Rb7 26. Bc4 Re8 27. Rxe8+ Nxe8 28. Rxd4 Re7 29. Kc2 Kb7 30. Kd2 Nf6 31. f3 Nd7 32. b3 Nc5 33. Rf4 Nd7 34. h4 Kb6 35. g4 Kc5 36. Be2 Nb6 37. h5 gxh5 38. gxh5 Nxd5 39. Rc4+ Kxb5 40. Rd4+ Kc5 41. Rc4+ Kb6 42. Rd4 Kc6 43. Rc4+ Kd7 44. Ra4 Rxe2+ 45. Kxe2 Nc3+ 46. Kd3 Nxa4 47. bxa4 d5 48. Ke3 Kd6 49. Kf4 Ke6 50. Ke3 Ke5 51. Kd3 f5 52. Ke3 d4+ 53. Kd3 Kf4 54. Kxd4 Kxf3 55. Kc5 f4 56. Kb5 Kg4 57. Kxa5 f3 58.
Kb6 f2 59. a5 f1=Q 60. a6 Qg2 61. a7 Qa8 0-1

[Event "Late-Titled-Tuesday-Blitz-October-17-2023"]
[Site "Chess.com"]
[Date "2023.10.17"]
[Round "6"]
[White "Chempiblinka"]
[Black "stasOR4ik"]
[Result "1-0"]
[WhiteElo "2314"]
[BlackElo "2431"]
[TimeControl "180+1"]
[EndTime "15:06:59 PDT"]
[Termination "Chempiblinka won by checkmate"]

1. Nf3 d5 2. g3 Nf6 3. Bg2 Nbd7 4. c4 c6 5. O-O e5 6. cxd5 cxd5 7. d3 Bd6 8. Nc3 O-O 9. Qb3 Nb6 10. a4 Be6 11. a5 d4 12. Qc2 dxc3 13. axb6 cxb2 14. Bxb2 Qxb6 15. Nxe5 Rfc8 16. Qd2 Bb4 17. Qg5 h6 18.
Qh4 a5 19. Rab1 Ba2 20. Ra1 Bd5 21. Nd7 Nxd7 22. Bxd5 Rc2 23. Bd4 Qa6 24. Qg4 Nf6 25. Bxf6 Qxf6 26. Rac1 Rxe2 27. Qxe2 Rd8 28. Bxb7 a4 29.
Rc8 a3 30. Rxd8+ Qxd8 31. Be4 Bc3 32. Qa2 Bb2 33. Rb1 Qc7 34. Bd5 Kf8 35. Be4 Qc2 36. Kg2 g6 37. h4 f5 38. Bd5 Qxd3 39. Re1 f4 40. Qc4 Qxc4 41. Bxc4 fxg3 42. fxg3 Kg7 43. Kf3 Kf6 44. Ke4 g5 45. h5 Bc3 46. Rc1 Bb2 47. Rd1 Be5 48. g4 Bb2 49. Ba2 Kg7 50.
Rd7+ Kh8 51. Kf5 Bf6 52. Kg6 Bg7 53. Rd8+ Bf8 54. Rxf8# 1-0

[Event "Late-Titled-Tuesday-Blitz-October-17-2023"]
[Site "Chess.com"]
[Date "2023.10.17"]
[Round "6"]
[White "BrandonJacobson"]
[Black "eljanov"]
[Result "0-1"]
[WhiteElo "2975"]
[BlackElo "2846"]
[TimeControl "180+1"]
[EndTime "15:07:03 PDT"]
[Termination "eljanov won on time"]

1. d4 Nf6 2. c4 e6 3. Nc3 d5 4. cxd5 exd5 5. Bg5 Be7 6. e3 h6 7. Bh4 Bg4 8. Be2 Bxe2 9. Ngxe2 c6 10.
O-O O-O 11. f3 Re8 12. Kh1 Nbd7 13. Bf2 Bd6 14. Qc2 Qb8 15. Bg1 c5 16. Rad1 cxd4 17.
Nxd4 Nb6 18. a4 Bb4 19. Na2 Bf8 20. Qb3 Qd6 21. Nc3 Qb4 22. Qxb4 Bxb4 23. Na2 Bf8 24. b3 Rac8 25. Rc1 Ba3 26. Rxc8 Rxc8 27. Nb5 Be7 28.
Rc1 Rxc1 29. Nxc1 a6 30. Nd4 Nbd7 31. Bf2 Nc5 32. Kg1 h5 33. Kf1 Ne6 34. Nce2 Nd7 35. Ke1 Ndc5 36. Kd2 Nxd4 37. Nxd4 Bf6 38. Kc2 Bxd4 39.
exd4 Ne6 40. Bg3 Nxd4+ 41. Kc3 Nc6 42. Bf2 Kf8 43. g4 g6 44. Bg3 Ke7 45. Kd3 Ke6 46. Ke3 Ne5 47. h3 Nc6 48. Kd3 f5 49. gxh5 gxh5 50. Bf4 b5 51. axb5 axb5 52. Be3 Ne5+ 53. Ke2 Ng6 54. Kd3 Nh4 55. Kd4 Nxf3+ 56. Kc5 d4 57. Bxd4 Nxd4 58. Kxd4 h4 0-1

[Event "Late-Titled-Tuesday-Blitz-October-17-2023"]
[Site "Chess.com"]
[Date "2023.10.17"]
[Round "6"]
[White "Road2GM3000"]
[Black "lluiss"]
[Result "0-1"]
[WhiteElo "2391"]
[BlackElo "2197"]
[TimeControl "180+1"]
[EndTime "15:07:12 PDT"]
[Termination "lluiss won by resignation"]

1. d4 Nf6 2. c4 g6 3. Nc3 d5 4.
Bg5 Ne4 5. Bh4 Nxc3 6. bxc3 dxc4 7. e3 Qd5 8. Nf3 Bg7 9. a4 Nc6 10. Nd2 Na5 11. Rb1 b6 12. Be2 c6 13. Bf3 Qd7 14. O-O O-O 15. Rb4 Ba6 16. Bg4 e6 17. Be2 c5 18.
Rb1 cxd4 19. exd4 e5 20. Bf3 Bb7 21. Bxb7 Qxb7 22. Qe2 Qd5 23. Rb5 Qd7 24. dxe5 Rfe8 25. Nxc4 Nxc4 26. Qxc4 Rxe5 27. Rxe5 Bxe5 28. Qe4 Re8 29.
Re1 Re6 30. c4 Kg7 31. Qb1 Qc7 32. Bg3 Bxg3 33. hxg3 Rxe1+ 34. Qxe1 Qxc4 35. Qe5+ Kg8 36. Qb8+ Kg7 37. Qe5+ Kg8 38. Qa1 Qc5 39. Qa2 a6 40. Kh2 b5 41. a5 Qc4 42. Qd2 b4 43. Qd8+ Kg7 44. Qb6 b3 45. g4 Qf4+ 46. Kh3 Qc4 47.
g5 Qc3+ 48. g3 b2 49. f4 Qc8+ 50. Kh4 Qc3 51. Kh3 h5 52. Qb8 Qxa5 53. Qxb2+ Kh7 54. Qf6 Qf5+ 55. Kg2 Qxf6 56. gxf6 Kg8 57. Kf3 Kf8 58. Ke4 Ke8 59. Kd5 Kd7 60. Kc5 a5 61. Kb5 Ke6 62. Kxa5 Kxf6 63. Kb4 Kf5 64. Kc3 Kg4 65. Kd4 Kxg3 66.
Ke5 Kg4 67. f5 gxf5 0-1

[Event "Late-Titled-Tuesday-Blitz-October-17-2023"]
[Site "Chess.com"]
[Date "2023.10.17"]
[Round "6"]
[White "Alimpic"]
[Black "Makswolf200817"]
[Result "1-0"]
[WhiteElo "2514"]
[BlackElo "2663"]
[TimeControl "180+1"]
[EndTime "15:07:14 PDT"]
[Termination "Alimpic won on time"]

1. Nf3 Nf6 2. g3 e6 3. Bg2 b5 4. O-O Bb7 5. d4 c5 6. c3 Be7 7. Bg5 d6 8. e3 Nbd7 9. Nbd2 O-O 10. Re1 h6 11. Bxf6 Nxf6 12. Qe2 Qb6 13. e4 Rfd8 14.
Rad1 a5 15. a3 b4 16. axb4 axb4 17. Nc4 Qb5 18. Nxd6 Qxe2 19. Rxe2 Bxd6 20. e5 Be7 21. exf6 Bxf6 22. Red2 c4 23. cxb4 Ra4 24. Ne5 Bxg2 25.
Kxg2 Bxe5 26. dxe5 Rxd2 27. Rxd2 Rxb4 28. Rd8+ Kh7 29. Rc8 Kg6 30. Rc7 h5 31. h4 f6 32.
exf6 gxf6 33. Kf3 Kf5 34. Rc5+ e5 35. Rc6 e4+ 36. Kg2 Ke5 37. Kf1 Kd4 38. Rd6+ Ke5 39. Rd2 Rb3 40. Ke2 f5 41. Rc2 Kd4 42. Rd2+ Ke5 43.
Rc2 Kd4 44. Rd2+ Rd3 45. Rc2 Ke5 46. Rxc4 Rb3 47. Rc5+ Kd4 48. Rxf5 Rxb2+ 49. Kf1 e3 50. fxe3+ Kxe3 51. Kg1 Rb1+ 52. Kg2 Rb2+ 53. Kh3 Rb5 54.
Rxb5 1-0

[Event "Late-Titled-Tuesday-Blitz-October-17-2023"]
[Site "Chess.com"]
[Date "2023.10.17"]
[Round "6"]
[White "giomar27"]
[Black "ural58"]
[Result "0-1"]
[WhiteElo "2347"]
[BlackElo "2507"]
[TimeControl "180+1"]
[EndTime "15:07:14 PDT"]
[Termination "ural58 won on time"]

1. e4 d5 2. exd5 Qxd5 3. Nc3 Qa5 4. d4 Nf6 5. Nf3 Nc6 6. d5 Nb4 7. Bc4 e6 8. dxe6 Bxe6 9. Bxe6 fxe6 10. O-O Bd6 11. Be3 O-O-O 12. Qe2 Qf5 13. Nd4 Qe5 14. f4 Qh5 15. Qxh5 Nxh5 16. a3 Nd5 17. Nxd5 exd5 18. Nf5 Rhe8 19. Nxd6+ Rxd6 20. Bd4 Rc6 21. c3 Re2 22. Rae1 Rce6 23. Rxe2 Rxe2 24. g4 Nf6 25.
Bxf6 gxf6 26. Rf2 Re4 27. Kg2 Kd7 28. Kf3 Ke6 29. h4 h5 30. gxh5 Kf7 31. Kg4 Re8 32. Kf5 Rh8 33. Kg4 Rg8+ 34. Kf5 Rh8 35. Kg4 c5 36.
Rd2 Ke6 37. Re2+ Kd6 38. Kf5 Rxh5+ 39. Kg4 Rh8 40. h5 b5 41. Rh2 Rh6 42. Kh4 a5 43. Rg2 Ke6 44. Rg6 Rh7 45. Kg4 d4 46. cxd4 cxd4 47.
f5+ Ke5 48. Rg8 Rd7 49. Re8+ Kd5 50. h6 Kc4 51. Rc8+ Kb3 52. Kf3 Rh7 0-1

[Event "Late-Titled-Tuesday-Blitz-October-17-2023"]
[Site "Chess.com"]
[Date "2023.10.17"]
[Round "6"]
[White "lamomiajunior"]
[Black "AradNazari"]
[Result "0-1"]
[WhiteElo "2742"]
[BlackElo "2907"]
[TimeControl "180+1"]
[EndTime "15:07:15 PDT"]
[Termination "AradNazari won on time"]

1. d4 Nf6 2. c4 g6 3. Nc3 d5 4. Nf3 Bg7 5. h4 dxc4 6. e4 c5 7. d5 b5 8. h5 O-O 9. hxg6 fxg6 10. d6 e6 11. e5 Ng4 12. Rxh7 Rf5 13. Rh1 Nc6 14.
Be2 Bb7 15. Bg5 Qf8 16. d7 Nxf2 17. Kxf2 Rxg5 18. Qd6 Qxd6 19. exd6 Rf5 20. Nxb5 Nd4 21. Bxc4 Bxf3 22. gxf3 Rd8 23. Rae1 Kf7 24. Rh7 Rxf3+ 25. Kg2 Rf6 26. Nxd4 cxd4 27. Rxe6 Rxe6 28. Bxe6+ Kf6 29. Kf3 Bf8 30. Bg4 Bxd6 31. Ke4 Bc5 32. a3 Bb6 33.
Rh1 Ke7 34. Kd5 Rf8 35. Re1+ Kd8 36. Rc1 Ke7 37. Re1+ Kd8 38. Rc1 Bc7 39. b4 Rf4 40. Be6 d3 41. Rd1 Rf3 42. Ke4 Rg3 43. Rf1 Ke7 44.
Bc4 d2 45. Rd1 Rc3 46. Bd3 Rxa3 47. Rxd2 Kxd7 48. Kd5 Bf4 49. Rd1 g5 50. Bf5+ Kc7 51. Bd3 Kb6 52. Re1 Rxd3+ 0-1

[Event "Late-Titled-Tuesday-Blitz-October-17-2023"]
[Site "Chess.com"]
[Date "2023.10.17"]
[Round "6"]
[White "ValeriyGrinev"]
[Black "Rikikits"]
[Result "1-0"]
[WhiteElo "2602"]
[BlackElo "2800"]
[TimeControl "180+1"]
[EndTime "15:07:18 PDT"]
[Termination "ValeriyGrinev won on time"]

1. e4 c6 2. d4 d5 3. e5 Bf5 4. Nf3 e6 5. Be2 Ne7 6. O-O h6 7. a4 Nd7 8. a5 a6 9. b4 Bh7 10. c3 Ng6 11. Ne1 Be7 12. Nd3 O-O 13. Nd2 Qc7 14.
Nb3 f6 15. f4 Rf7 16. Bh5 fxe5 17. fxe5 Rxf1+ 18. Qxf1 Rf8 19. Qd1 Nh4 20. g3 Nf5 21.
Ra2 g5 22. Rf2 Ng7 23. Bg4 Rxf2 24. Nxf2 Nf8 25. Be3 Qc8 26. Nc5 Bxc5 27. bxc5 Qe8 28. Qd2 Bf5 29. Be2 Nd7 30. Qb2 Qc8 31. g4 Bh7 32. h3 Nf8 33. Kh2 Ne8 34. Kg3 Ng6 35. Bd3 Nh4 36. Bxh7+ Kxh7 37. Qb1+ Kg7 38. Nd3 Nc7 39. Qf1 Qf8 40. Qxf8+ Kxf8 41. Bd2 Nb5 42. Ne1 Na3 43. Nf3 Nc4 44. Bc1 Nxf3 45. Kxf3 Kf7 46.
h4 Kg6 47. hxg5 hxg5 48. Ke2 Nxa5 49. Kd3 Nc4 50. Kc2 a5 51. Kb3 b5 52. cxb6 Nxb6 53. Ka3 Kh6 54. Kb3 Nc4 55. Ka4 Kg6 56.
Kb3 c5 57. Ka4 cxd4 58. cxd4 Kh6 59. Kb5 Kg6 60. Ka4 Kf7 61. Kb5 Ke8 62. Bxg5 Nb2 63. Bd2 a4 64. Bb4 Kf7 65. Ba3 Nd1 66. Kxa4 Kg6 67. Bc1 Nf2 68. g5 Nd3 69. Be3 Nb2+ 70.
Kb5 Nc4 71. Bc1 Kf5 72. Kc6 Na5+ 73. Kd7 Nb3 74. Be3 Na5 75. g6 Kxg6 76. Kxe6 Nc4 77. Bc1 Nb6 78. Kd6 Kf7 79. Kc6 Na4 80. Kxd5 Nc3+ 81.
Kd6 Nb5+ 82. Kc5 Nc3 83. d5 1-0

[Event "Late-Titled-Tuesday-Blitz-October-17-2023"]
[Site "Chess.com"]
[Date "2023.10.17"]
[Round "6"]
[White "TimGrutter03"]
[Black "Mariia89"]
[Result "0-1"]
[WhiteElo "2525"]
[BlackElo "2129"]
[TimeControl "180+1"]
[EndTime "15:07:18 PDT"]
[Termination "Mariia89 won on time"]

1. b3 c5 2. g3 Nc6 3. Bg2 Nf6 4.
Bb2 d5 5. e3 e5 6. d3 Be7 7. Ne2 O-O 8. Nd2 Re8 9. O-O Bf8 10.
a3 Rb8 11. c4 d4 12. e4 a6 13.
h3 b5 14. Kh2 Na5 15. Rb1 bxc4 16. bxc4 Bd7 17. f4 Qc7 18. f5 Rb6 19. Qc2 Reb8 20.
Ba1 Bc6 21. g4 Qd7 22. g5 Nh5 23. Bf3 Nf4 24. Nxf4 exf4 25. Rxb6 Rxb6 26. Rb1 Ba4 27. Qc1 Nb3 28. Nxb3 Rxb3 29. Rxb3 Bxb3 30. Qxf4 Bc2 31. Be2 Qb7 32. Qc1 Bd6+ 33. Kg2 Ba4 34. Qb2 Qe7 35.
Qc1 Qe5 36. Qh1 Qg3+ 37. Kf1 Qxg5 38. Bb2 Qf4+ 39. Qf3 Qd2 40. e5 Bf8 41. e6 Qxb2 42. exf7+ Kxf7 43. Qd5+ Kf6 44. Qe6+ Kg5 45. Qe4 Qc1+ 46.
Kg2 Qf4 47. Qe8 Bd6 0-1

[Event "Late-Titled-Tuesday-Blitz-October-17-2023"]
[Site "Chess.com"]
[Date "2023.10.17"]
[Round "6"]
[White "NormWeinstein"]
[Black "biostatistician"]
[Result "1/2-1/2"]
[WhiteElo "2416"]
[BlackElo "2583"]
[TimeControl "180+1"]
[EndTime "15:07:24 PDT"]
[Termination "Game drawn by repetition"]

1. e4 e5 2. Nf3 Nc6 3. Bb5 Nf6 4. O-O Nxe4 5. d4 Nd6 6. dxe5 Nxb5 7. a4 d6 8. axb5 Nxe5 9. Re1 Be7 10. Nxe5 dxe5 11.
Qxd8+ Kxd8 12. Rxe5 Bd6 13. Re2 b6 14. Nc3 Re8 15.
Be3 a6 16. bxa6 Rxa6 17. Rd1 Bd7 18. Red2 Kc8 19. h3 Bc6 20. Nd5 Kb7 21. c4 Re4 22.
b3 Ra3 23. Rb1 f5 24. g3 h5 25. Bf4 Bxd5 26. Bxd6 Rxb3 27. Rc1 Rxc4 28. Rxc4 Bxc4 29. Be5 Rd3 30. Rxd3 Bxd3 31. Bxg7 c5 32. f3 Kc6 33. Kf2 Kd5 34. Ke3 Bf1 35. g4 hxg4 36. hxg4 fxg4 37. fxg4 Bh3 38. g5 Bf5 39. Bf8 Kc4 40. Kd2 b5 41.
Kc1 b4 42. Kb2 Kd4 43. Bg7+ Kd3 44. Bf8 Kc4 45. Be7 Bg6 46. Bf8 Kb5 47. Be7 c4 48. Bf6 Kc6 49. Be7 Kb5 50. Bf6 Bf7 51. Be5 Kc5 52.
Bf6 Kd5 53. Be7 c3+ 54. Kb3 Ke4+ 55. Kc2 b3+ 56. Kxc3 Kf5 57. Kb2 Kg6 58. Kc3 Be8 59. Kb2 Bf7 60. Kc3 Bg8 61. Kb2 Bf7 1/2-1/2

[Event "Late-Titled-Tuesday-Blitz-October-17-2023"]
[Site "Chess.com"]
[Date "2023.10.17"]
[Round "6"]
[White "tylityli"]
[Black "DvaHrasta"]
[Result "0-1"]
[WhiteElo "2341"]
[BlackElo "2497"]
[TimeControl "180+1"]
[EndTime "15:07:24 PDT"]
[Termination "DvaHrasta won on time"]

1. d4 Nf6 2. c4 e6 3. Nc3 Bb4 4. e3 O-O 5. Ne2 d5 6. a3 Be7 7. cxd5 exd5 8. g3 b6 9. Bg2 c6 10. O-O Bf5 11. f3 Re8 12. e4 dxe4 13. fxe4 Bg4 14. e5 Nd5 15. h3 Nxc3 16. bxc3 Be6 17. Nf4 Bc4 18. Re1 Bg5 19. Qg4 Bxf4 20. gxf4 Bd5 21.
f5 Bxg2 22. Qxg2 Qd5 23. Bf4 Qxg2+ 24. Kxg2 Nd7 25. Kf3 b5 26. a4 a6 27. axb5 axb5 28. Ke4 Nb6 29. Bg5 Nd5 30. Bd2 f6 31. e6 g6 32. Rg1 Kg7 33. h4 Ne7 34. fxg6 hxg6 35.
Rae1 Nf5 36. h5 Nd6+ 37. Kd3 g5 38. Bf4 Nc4 39. Bg3 Rad8 40. Rgf1 Rd5 41. h6+ Kg6 42. h7 Rdd8 43. e7 Rd7 44. h8=Q Rxh8 45. e8=Q+ Rxe8 46. Rxe8 Ra7 47. Re2 Ra3 48. Rff2 Nb6 49.
Re1 Nd5 50. Rc1 b4 51. Kc4 bxc3 52. Kc5 c2 53. Rfxc2 Rxg3 54. Kd6 Nb4 55. Rc4 Nd5 56. Rxc6 Ne3 57. Kc5 Rg2 58. Re1 Rc2+ 59. Kd6 Nf5+ 60. Kd5 Rd2 0-1

[Event "Late-Titled-Tuesday-Blitz-October-17-2023"]
[Site "Chess.com"]
[Date "2023.10.17"]
[Round "6"]
[White "Hambardzumyan_Yuri"]
[Black "Byniolus"]
[Result "0-1"]
[WhiteElo "2471"]
[BlackElo "2764"]
[TimeControl "180+1"]
[EndTime "15:07:30 PDT"]
[Termination "Byniolus won by resignation"]

1. e4 c6 2. d4 d5 3. exd5 cxd5 4. Bd3 Nc6 5. c3 Nf6 6. Bf4 Bg4 7. Qb3 Qb6 8. Na3 e6 9. Nb5 Rc8 10. f3 Bh5 11. Ne2 Bg6 12. Nc1 Be7 13. Nd6+ Bxd6 14. Bxd6 Kd7 15. Bc5 Qc7 16. a4 Ne8 17. Qc2 b6 18. Ba3 Nxd4 19. Qd2 Bxd3 20. Qxd3 Nc6 21. O-O Nd6 22. Ne2 Nc4 23. f4 g6 24. h3 Nxa3 25. Rxa3 Qd6 26. b4 Ne7 27. a5 Nf5 28. g4 Ne7 29. Nd4 Qc7 30. axb6 axb6 31. Nb5 Qc4 32. Ra7+ Kd8 33. Qxc4 Rxc4 34. Nd6 Rf8 35. Nxc4 dxc4 36. Rfa1 Nd5 37. Rb7 Kc8 38. Raa7 Nxc3 39. Rxf7 Rxf7 40. Rxf7 Nd5 41. Kf2 Nxb4 42. Ke2 Nd5 43. h4 b5 44. h5 gxh5 45. gxh5 b4 46. h6 b3 47. Rg7 c3 48. Kd3 c2 49. Rg1 Kd7 50. Rc1 Kd6 51. Rg1 Nxf4+ 52. Kc3 Ne2+ 53. Kxb3 Nxg1 54. Kxc2 Nf3 55. Kd3 Ne5+ 56. Ke3 Nf7 57. Kf4 Nxh6 58. Kg5 Nf7+ 59. Kf6 Ne5 60.
Kg5 Nf7+ 61. Kf6 e5 62. Kg7 e4 63. Kg8 e3 64. Kg7 e2 65. Kf8 Ne5 0-1